 Dungeon Crawl Stone Soup version 0.31-a0-1066-g35875b34c7 (webtiles) character file.

Game seed: 12281419362278637424

333 Maratek the Shield-Bearer (level 6, -5/56 HPs)
             Began as a Minotaur Fighter on Nov 22, 2023.
             Splashed by a jelly's acid (8 damage)
             ... on level 4 of the Dungeon.
             The game lasted 00:04:13 (2820 turns).

Maratek the Shield-Bearer (Minotaur Fighter)        Turns: 2820, Time: 00:04:14

Health: -5/56      AC: -5    Str: 22    XL:     6   Next: 27%
Magic:  5/5        EV:  9    Int:  5    God:
Gold:   164        SH:  5    Dex: 10    Spells: 5/5 levels left

rFire   . . .        a - +1 trident
rCold   . . .        c - +0 buckler
rNeg    . . .        b - +0 scale mail
rPois   .            e - +2 hat
rElec   .            (no cloak)
rCorr   .            (no gloves)
SInv    .            k - +0 pair of boots
Will    .....        (no amulet) Stlth
                     i - ring of flight
HPRegen 0.29/turn    (no ring)
MPRegen 0.09/turn

%: no passive effects
@: mighty, corroded, flying
A: horns 2, retaliatory headbutt
a: no special abilities


You were on level 4 of the Dungeon.
You visited 1 branch of the dungeon, and saw 4 of its levels.

You collected 164 gold pieces.

Inventory:

Hand Weapons
 a - a +1 trident (weapon)
Armour
 b - a +0 scale mail (worn)
 c - a +0 buckler (worn)
 e - a +2 hat (worn)
 k - a +0 pair of boots (worn)
Jewellery
 i - a ring of flight (left hand)
 m - a +6 ring of intelligence
Scrolls
 g - 2 scrolls of revelation
 h - a scroll of amnesia
 j - a scroll of teleportation
Potions
 f - 2 potions of degeneration {unknown}
 l - a potion of lignification {unknown}
 o - 3 potions of brilliance {unknown}


   Skills:
 + Level 5.2 Fighting
 + Level 4.4 Polearms
 + Level 5.3 Armour
 + Level 5.3 Shields


You had 5 spell levels left.
You didn't know any spells.
Your spell library was empty.

Dungeon Overview and Level Annotations

Branches:
Dungeon (4/15)
 Temple: D:4-7

Altars:
Makhleb
Zin
The Shining One

Shops:
D:2 (


Innate Abilities, Weirdness & Mutations

You have a pair of horns on your head.
You reflexively headbutt those who attack you in melee.


Message History

The orc hits you with a +0 flail! The jelly hits you. The acid corrodes you!
You are splashed with acid!
You are too injured to fight recklessly!
You are too injured to fight recklessly!
You are too injured to fight recklessly!
You are too injured to fight recklessly!
You are too injured to fight recklessly!
You are too injured to fight recklessly!
You are too injured to fight recklessly!
You are too injured to fight recklessly!
You are too injured to fight recklessly!
You are too injured to fight recklessly!
You are too injured to fight recklessly!
You are too injured to fight recklessly!
You are too injured to fight recklessly!
You are too injured to fight recklessly!
You are too injured to fight recklessly!
You are too injured to fight recklessly!
You are too injured to fight recklessly!
You are too injured to fight recklessly!
You are too injured to fight recklessly!
You are too injured to fight recklessly!
You are too injured to fight recklessly!
Unknown command.
You are too injured to fight recklessly!
Unknown command.
You feel very mighty all of a sudden. You block the orc's attack.
The jelly hits you. The acid corrodes you!
You are splashed with acid!
* * * LOW HITPOINT WARNING * * *
You hit the jelly but do no damage.
Your hands burn!
* * * LOW HITPOINT WARNING * * *
You headbutt the jelly, but do no damage.
The jelly is heavily wounded.
The orc hits you with a +0 flail!
* * * LOW HITPOINT WARNING * * *
The jelly hits you.
* * * LOW HITPOINT WARNING * * *
You are splashed with acid!
You die...

## .###### .......
# ######....>.. ..
....#.......
...###....o.....
........J.o.....
........@o.....$
..###..........
########...#######
...........#
........####
........|# .
..........# .# .
..........# #.# .
..........# ###..


You could see a jelly, an orc priest and 2 orcs.

Vanquished Creatures
  A phantom (D:4)
  3 orc priests
  A sleepcap (D:4)
  6 adders
  2 worms (D:4)
  2 dart slugs
  9 orcs
  5 ball pythons
  7 bats
  3 endoplasms
  2 giant cockroaches
  4 goblins
  6 hobgoblins
  11 jackals
  5 kobolds
  3 quokkas (D:1)
  3 frilled lizards
  8 rats
81 creatures vanquished.

Notes
Turn   | Place    | Note
-------+----------+-------------------------------------------
     0 | D:1      | Maratek the Minotaur Fighter began the quest for the Orb.
     0 | D:1      | Reached XP level 1. HP: 19/19 MP: 0/0
   200 | D:1      | Reached XP level 2. HP: 27/27 MP: 1/1
   705 | D:2      | Reached XP level 3. HP: 33/33 MP: 2/2
   815 | D:2      | Found a burning altar of Makhleb.
  1120 | D:2      | Found Efeirog's Antique Weapon Boutique.
  1704 | D:3      | Found a glowing silver altar of Zin.
  1781 | D:3      | Reached XP level 4. HP: 30/40 MP: 3/3
  1950 | D:3      | Found a faded altar of an unknown god.
  2097 | D:3      | Reached XP level 5. HP: 9/47 MP: 4/4
  2593 | D:4      | Noticed a phantom
  2606 | D:4      | Reached skill level 5 in Armour
  2606 | D:4      | Reached skill level 5 in Shields
  2607 | D:4      | Killed a phantom
  2608 | D:4      | Reached skill level 5 in Fighting
  2608 | D:4      | Reached XP level 6. HP: 49/56 MP: 5/5
  2691 | D:4      | Found a glowing golden altar of the Shining One.
  2820 | D:4      | Splashed by a jelly's acid

Illustrated notes

Levels and vault maps discovered:
D:1:      saegor_arrival_miasma, layout_loops_ring
D:2:      layout_loops_corners, serial_shops, shop, basic_altar
D:3:      layout_basic, zin_treasury, ebering_ecumenical_altar_petrified,
          serial_bayou_ford_a, nicolae_half_adder
D:4:      layout_rooms, nicolae_tso_swordbearing_angel,
          cheibrodos_sewer_entry_bend

Skill      XL: |  1  2  3  4  5 |
---------------+----------------+-----
Armour         | 4 5 |  5.3
Shields        | 4 5 |  5.3
Fighting       | 4 5 |  5.2
Polearms       | 3 4 |  4.4

Action                     |  1- 3 |  4- 6 || total
---------------------------+-------+-------++-------
  Melee: Trident           |   127 |   104 ||   231
         Headbutt          |    11 |    11 ||    22
    Use: Scroll            |     5 |     3 ||     8
         Potion            |       |     1 ||     1
 Armour: Scale mail        |    75 |    77 ||   152
  Dodge: Dodged            |    42 |    39 ||    81
  Block: Buckler           |    24 |    25 ||    49

Table legend: (Time is in decaauts)
 A = Elapsed time spent in this place.
 B = Non-inter-level travel time spent in this place.
 C = Inter-level travel time spent in this place.
 D = Time resting spent in this place.
 E = Time spent auto-exploring this place.
 F = Levels seen in this place.
 G = Mean time per level.
                   A        B        C        D        E       F      G
               +--------+--------+--------+--------+--------+-----+--------+
         Total |   2856 |   2713 |    143 |    253 |   1957 |   4 |  714.0 |
       Dungeon |   2856 |   2713 |    143 |    253 |   1957 |   4 |  714.0 |
               +--------+--------+--------+--------+--------+-----+--------+

Top non-repeatable levels by time:
     D:3: 1028 daAuts
     D:2: 885 daAuts
     D:1: 708 daAuts
     D:4: 234 daAuts
